 Dungeon Crawl Stone Soup version 0.31-a0-204-g7da18cac08 (webtiles) character file.

Game seed: 1930445107185646914

144 qw the Skirmisher (level 5, -1/29 HPs)
             Began as a Deep Elf Hunter on June 27, 2023.
             Slain by an orc
             ... wielding a +2 trident of freezing
              (3 damage)
             ... on level 3 of the Dungeon.
             The game lasted 00:00:40 (1802 turns).

qw the Skirmisher (Deep Elf Hunter)                 Turns: 1802, Time: 00:00:41

Health: -1/29      AC:  4    Str:  8 (10) XL:     5   Next: 5%
Magic:  7/7        EV: 12    Int: 14      God:
Gold:   97         SH:  4    Dex: 17 (18) Spells: 4/4 levels left

rFire   . . .        Y - +1 shortbow
rCold   . . .        (shield currently unavailable)
rNeg    . . .        a - +0 troll leather armour
rPois   .            (no helmet)
rElec   .            (no cloak)
rCorr   .            (no gloves)
SInv    .            (no boots)
Will    +....        (no amulet)
Stlth   ++           (no ring)
HPRegen 1.04/turn    (no ring)
MPRegen 0.10/turn

%: no passive effects
@: no status effects
A: claws 1, large bone plates 1, deterioration 1, strong-willed 1
a: no special abilities


You were on level 3 of the Dungeon.
You visited 1 branch of the dungeon, and saw 3 of its levels.

You collected 97 gold pieces.


Innate Abilities, Weirdness & Mutations

You have sharp fingernails.
You are partially covered in large bone plates. (SH +4)
Your body sometimes deteriorates upon taking damage.
You are strong-willed. (Will+)


   Skills:
 - Level 1.5 Fighting
 + Level 8.4 Ranged Weapons
 - Level 2.4 Dodging
 - Level 1.2 Stealth


You had 4 spell levels left.
You didn't know any spells.
Your spell library was empty.

Inventory:

Hand Weapons
 Y - a +1 shortbow (weapon)
Armour
 a - a +0 troll leather armour (worn)
Potions
 b - a potion of mutation
 e - a potion of curing {unknown}
 f - a potion of magic {unknown}

Dungeon Overview and Level Annotations

Branches:
Dungeon (3/15)

Altars:
Cheibriados
Uskayaw


Message History

Enter note:
Enter note:
Enter note:
Enter note:
Enter note:
Enter note: You shoot an arrow.
The arrow closely misses the frilled lizard.
The orc shouts! x2
You hear a shout!
An orc comes into view. It is wielding a +0 hand axe.
An orc comes into view.
It is wielding a +2 trident of freezing.
You shoot an arrow. The orc shouts!
The arrow hits the frilled lizard!
You kill the frilled lizard!
The orc drinks a potion.
The orc seems to speed up.
You shoot an arrow. The arrow hits the orc!
You kill the orc!
You shoot an arrow. The arrow hits the orc!
You kill the orc!
You shoot an arrow. The arrow closely misses the orc.
The orc barely misses you.
You shoot an arrow. The arrow barely misses the orc.
You block the orc's attack. The orc hits you with a +0 hand axe.
Your body deteriorates!
You feel weakened.
The orc hits you from afar with a +2 trident of freezing!
The orc freezes you.
You shoot an arrow. The arrow hits the orc.
The orc is severely wounded.
The orc hits you with a +0 hand axe.
Your body deteriorates!
You feel weakened.
The orc hits you from afar with a +2 trident of freezing!
The orc freezes you. The orc closely misses you.
You shoot an arrow. The arrow barely misses the orc.
The orc hits you with a +0 hand axe. You block the orc's attack.
You shoot an arrow. The arrow closely misses the orc.
The orc barely misses you.
The orc hits you from afar with a +2 trident of freezing.
You die...

## ####
.##....
.......
.......
##.......
#.oo.)... #@#
#.# #.# #.#
#.# #.#
####### #.#
#.# #.....#
#.# ###.#
#.....# #.#
#...# #.....#
#%## #.###
#.....## #...
####.####
#......###[..


You could see 2 orcs.

Vanquished Creatures
  Ijyb (D:3)
  4 gnolls (D:3)
  2 adders
  2 dart slugs (D:1)
  2 orcs (D:3)
  5 endoplasms
  2 giant cockroaches
  5 goblins (D:1)
  4 hobgoblins
  7 jackals
  4 ball pythons
  6 bats
  2 frilled lizards
  2 kobolds
  5 rats
53 creatures vanquished.

Notes
Turn   | Place    | Note
-------+----------+-------------------------------------------
     0 | D:1      | qw the Deep Elf Hunter began the quest for the Orb.
     0 | D:1      | Reached XP level 1. HP: 12/12 MP: 3/3
     0 | D:1      | 0 ||| qw: Version: 0.3-a-22-g0ed2b0b
     0 | D:1      | 0 ||| qw: Game counter: 6556
     0 | D:1      | 0 ||| qw: Melee chars always use a shield: true
     0 | D:1      | 0 ||| qw: God list: Okawaru
     0 | D:1      | 0 ||| qw: Allow faded altars: false
     0 | D:1      | 0 ||| qw: Do Orc after clearing Dungeon:15 true
     0 | D:1      | 0 ||| qw: Do second Lair branch before Depths: true
     0 | D:1      | 0 ||| qw: Lair rune preference: random
     0 | D:1      | 0 ||| qw: Goals: Normal
     0 | D:1      | 0 ||| PLANNING D:1-11
   163 | D:1      | Reached XP level 2. HP: 16/16 MP: 4/4
   168 | D:1      | Reached skill level 6 in Ranged Weapons
   321 | D:1      | Reached XP level 3. HP: 20/20 MP: 5/5
   754 | D:1      | 754 ||| UPGRADING to +0 ring mail.
   764 | D:1      | 764 ||| DROPPING +0 leather armour.
   765 | D:1      | 765 ||| READING scroll labelled LIHOLA HYECW.
   766 | D:1      | 766 ||| READING scroll labelled PUB RIX YLLU.
   867 | D:1      | 867 ||| READING scroll labelled GAWAIGGIESK.
   868 | D:1      | 868 ||| DROPPING scroll of butterflies.
   918 | D:2      | Found a faded altar of an unknown god.
   986 | D:2      | Reached skill level 7 in Ranged Weapons
  1316 | D:2      | Found a snail-covered altar of Cheibriados.
  1412 | D:2      | 1412 ||| UPGRADING to +0 troll leather armour.
  1422 | D:2      | 1422 ||| DROPPING +0 ring mail.
  1423 | D:2      | 1423 ||| READING scroll labelled IREJELY KEYZES.
  1424 | D:2      | 1424 ||| READING scroll labelled BAAROTIENO.
  1428 | D:2      | 1428 ||| DRINKING 2 smoky clear potions.
  1428 | D:2      | Gained mutation: You are frail. (-10% HP) [potion of
                  | mutation]
  1429 | D:2      | 1429 ||| DRINKING potion of mutation.
  1429 | D:2      | Lost mutation: You are frail. (-10% HP) [potion of
                  | mutation]
  1429 | D:2      | Gained mutation: You have sharp fingernails. [potion of
                  | mutation]
  1429 | D:2      | Gained mutation: Your body sometimes deteriorates upon
                  | taking damage. [potion of mutation]
  1429 | D:2      | Gained mutation: You are strong-willed. (Will+) [potion of
                  | mutation]
  1429 | D:2      | Gained mutation: You are partially covered in large bone
                  | plates. (SH +4) [potion of mutation]
  1494 | D:3      | Noticed Ijyb
  1502 | D:3      | Killed Ijyb
  1503 | D:3      | Reached XP level 4. HP: 15/25 MP: 6/6
  1735 | D:3      | Found a hide-covered altar of Uskayaw.
  1742 | D:3      | Reached skill level 8 in Ranged Weapons
  1754 | D:3      | Reached XP level 5. HP: 25/29 MP: 7/7
  1800 | D:3      | HP: 5/29 [orc/+2 trident of freezing (7)]
  1800 | D:3      | HP: 1/29 [orc/+2 trident of freezing (4)]
  1802 | D:3      | Slain by an orc

Levels and vault maps discovered:
D:1:      dpeg_arrival_concentric_ovals, layout_basic,
          chequers_serial_rivers_large_a
D:2:      layout_loops_ring, basic_altar, hellmonk_ecumenical_altar_dog_temple
D:3:      layout_loops_cross, lemuel_round_altar, nrook_mini_vaults, uniq_ijyb

Skill      XL: |  1  2  3  4 |
---------------+-------------+-----
Ranged Weapons | 6 7 8 |  8.4
Fighting       | |  1.5
Dodging        | |  2.4
Stealth        | |  1.2

Action                     |  1- 3 |  4- 6 || total
---------------------------+-------+-------++-------
   Fire: Shortbow          |   112 |    37 ||   149
    Use: Scroll            |     5 |       ||     5
         Potion            |     2 |       ||     2
 Armour: Leather armour    |     5 |       ||     5
         Ring mail         |     3 |       ||     3
         Troll leather arm |       |     1 ||     1
  Dodge: Dodged            |    13 |    12 ||    25
  Block: Other             |     2 |     4 ||     6

Table legend:
 A = Non-vault XP
 B = Vault XP
 C = Vault XP percentage of total XP
 D = Non-vault monster count
 E = Vault monster count
 F = Vault count percentage of total count
                 A         B        C        D         E       F
            +---------+---------+-------+---------+---------+-------
      Total |     166 |      40 |  19.4 |      50 |       3 |   5.7
            +---------+---------+-------+---------+---------+-------
        D:1 |      46 |       0 |   0.0 |      25 |       0 |   0.0
        D:2 |      24 |       4 |  14.3 |       7 |       2 |  22.2
        D:3 |      96 |      36 |  27.3 |      18 |       1 |   5.3
            +---------+---------+-------+---------+---------+-------
